 Seeded DCSS version 0.31.0-32-g396128a36d (webtiles) character file.

Game seed: 2728329026960310648 (custom seed)

175 bronco the Grave Robber (level 5, -6/35 HPs)
             Began as a Mummy Necromancer on Mar 30, 2024.
             Mangled by Menkaure (10 damage)
             ... on level 4 of the Dungeon.
             The game lasted 00:05:24 (2606 turns).

bronco the Grave Robber (Mummy Necromancer)         Turns: 2606, Time: 00:05:25

Health: -6/35      AC:  5    Str: 11    XL:     5   Next: 29%
Magic:  12/12      EV: 12    Int: 17    God:
Gold:   143        SH:  0    Dex: 12    Spells: 6/14 levels left

rFire   x . .        a - +0 spear
rCold   + . .        (no shield)
rNeg    + + +        k - +0 robe
rPois   ∞            (no helmet)
rElec   .            (no cloak)
rCorr   .            e - +0 pair of gloves
SInv    .            h - +1 pair of boots {rampage}
Will    +....        (no amulet)
Stlth   ++           f - ring of willpower
HPRegen 0.25/turn    (no ring)
MPRegen 0.13/turn

%: rampage, faith
@: no status effects
A: cold resistance 1, negative energy resistance 3, torment resistance 2, heat
vulnerability 1, in touch with death 1, no potions, faith
a: no special abilities


You were on level 4 of the Dungeon.
You visited 1 branch of the dungeon, and saw 4 of its levels.

You collected 143 gold pieces.

Inventory:

Hand Weapons
 a - a +0 spear (weapon)
 c - a +0 mace
Missiles
 d - 56 stones
Armour
 e - a +0 pair of gloves (worn)
 h - a +1 pair of boots of rampaging (worn)
 k - a +0 robe (worn)
Jewellery
 f - a ring of willpower (left hand)
Scrolls
 b - 2 scrolls of fog
 g - a scroll of blinking
 i - a scroll of silence {unknown}
 j - a scroll of vulnerability {unknown}
 m - a scroll of fear


   Skills:
 - Level 0.2 Maces & Flails
 - Level 1.8 Dodging
 - Level 1.6 Stealth
 + Level 5.2 Spellcasting
 + Level 5.2 Necromancy


You had 6 spell levels left.
You knew the following spells:

 Your Spells              Type           Power      Damage    Failure   Level
a - Necrotise             Necr           100%       1d9       1%          1
b - Vampiric Draining     Necr           33%        2d8       4%          3
c - Animate Dead          Necr           33%        N/A       16%         4

Your spell library contained the following spells:

 Spells                   Type           Power      Damage    Failure   Level
 Curse of Agony           Necr           33%        N/A       41%         5


Dungeon Overview and Level Annotations

Branches:
Dungeon (4/15)
 Temple: D:4-7

Altars:
Ru

Shops:
D:1 *   D:3 !

Annotations:
D:2 Jessica
D:4 Menkaure


Innate Abilities, Weirdness & Mutations

You are immune to poison.
Your flesh is cold resistant. (rC+)
You are immune to negative energy. (rN+++)
You are immune to unholy pain and torment.
You are vulnerable to heat. (rF-)
You are in touch with the powers of death.
You do not drink.
You have a special connection with the divine. (Faith)


Message History

a +0 club; a +0 leather armour; an orc corpse
Found a white marble altar of Elyvilon.
There is a fountain of clear blue water here.
There is a fountain of clear blue water here.
You open the door.
Found an escape hatch in the floor.
There is an open door here.
i - a scroll labelled VIEFIA EVISCH
Found a robe.
d - 53 stones (gained 5)
j - a scroll labelled GUYCYI TURERAP Menkaure, Prince of Dust comes into view.
Menkaure shouts!
You see here 3 stones.
d - 56 stones (gained 3) Menkaure whispers a few words.
Found a stone staircase leading down.
You start waiting.
Menkaure is nearby!
Menkaure misses you.
You hit Menkaure.
Menkaure is lightly damaged.
Menkaure hits you!!
Ouch! That really hurt!
You are too injured to fight recklessly!
You are too injured to fight recklessly!
You are too injured to fight recklessly!
You hit Menkaure.
Menkaure is moderately damaged.
You hit Menkaure.
Menkaure is heavily damaged.
Menkaure closely misses you.
You hit Menkaure.
Menkaure is severely damaged.
Menkaure hits you!
* * * LOW HITPOINT WARNING * * *
You hit Menkaure.
Menkaure is almost destroyed.
Menkaure hits you!
You die...

#. #.# #.## #.#
#..# #.#
#######>#####.#
..............#
########.####..##
.......#.# #...##
.......#.# #.[M.#
.......#.# #..#@#
.......#.##
#..#.#
.......'..#
#..#...#
.......####
#..###..>#
.......# #..#
#### .......#
#.M# .......#
.... .......#
..... #......#
.....


You could see Menkaure.

Vanquished Creatures
  The ghost of Prival the Chopper, a weakling HOMo (D:3)
  Terence (D:3)
  2 gnolls (D:3)
  2 adders (D:2)
  A ribbon worm (D:3)
  A dart slug (D:1)
  An orc (D:4)
  5 ball pythons
  2 bats (D:1)
  4 endoplasms
  2 giant cockroaches
  4 goblins
  5 hobgoblins
  2 jackals (D:1)
  3 kobolds
  2 quokkas
  4 frilled lizards
  6 rats
48 creatures vanquished.

Vanquished Creatures (collateral kills)
  A gnoll (D:3)
  A bat (D:1)
2 creatures vanquished.

Grand Total: 50 creatures vanquished

Notes
Turn   | Place    | Note
-------+----------+-------------------------------------------
     0 | D:1      | bronco the Mummy Necromancer began the quest for the Orb.
     0 | D:1      | Reached XP level 1. HP: 13/13 MP: 4/4
    94 | D:1      | Reached XP level 2. HP: 18/19 MP: 0/5
   337 | D:1      | Found Gubethin's Assorted Antiques.
   719 | D:2      | Reached XP level 3. HP: 23/24 MP: 4/8
   976 | D:2      | Noticed Jessica
  1511 | D:3      | Found a runed translucent door.
  1514 | D:3      | Noticed Prival's ghost (weakling HOMo)
  1659 | D:3      | Reached XP level 4. HP: 30/30 MP: 5/10
  1869 | D:3      | Found a sacrificial altar of Ru.
  1945 | D:3      | Found Fyaxu's Distillery.
  1955 | D:3      | Noticed Terence
  1965 | D:3      | Killed Terence
  1966 | D:3      | Reached skill level 5 in Necromancy
  1971 | D:3      | Learned a level 3 spell: Vampiric Draining
  1976 | D:3      | Learned a level 4 spell: Animate Dead
  2453 | D:3      | Killed Prival's ghost
  2454 | D:3      | Reached skill level 5 in Spellcasting
  2454 | D:3      | Reached XP level 5. HP: 30/35 MP: 10/12
  2588 | D:4      | Noticed Menkaure
  2606 | D:4      | Mangled by Menkaure

Illustrated notes

Levels and vault maps discovered:
D:1:      spicycebolla_green_bress_n_ham_2, layout_rooms, serial_shops, shop
D:2:      layout_basic, uniq_jessica
D:3:      layout_loops_ring, nicolae_ru_great_annihilating_truth,
          hellmonk_ghost_happy_afterlife, serial_shops,
          nicolae_shop_behind_doors, uniq_terence
D:4:      layout_basic, elyvilon_altar_1, nemelex_dance_club_becter,
          kennysheep_dice, uniq_menkaure

Skill      XL: |  1  2  3  4 |
---------------+-------------+-----
Spellcasting   | 3 4 5 |  5.2
Necromancy     | 5 |  5.2
Maces & Flails | |  0.2
Dodging        | |  1.8
Stealth        | |  1.6

Action                     |  1- 3 |  4- 6 || total
---------------------------+-------+-------++-------
  Melee: Mace              |     8 |     3 ||    11
         Spear             |       |    28 ||    28
         Punch             |       |     1 ||     1
   Cast: Necrotise         |    64 |    25 ||    89
    Use: Scroll            |       |     6 ||     6
   Stab: Sleeping          |       |     1 ||     1
 Armour: Robe              |    18 |    27 ||    45
  Dodge: Dodged            |    19 |    16 ||    35
